 Dungeon Crawl Stone Soup version 0.20.1-1-g8b1a95d (webtiles) character file.

84 MJtheKandyman the Slinger (level 4, 29/29 HPs)
             Began as a Halfling Hunter on Dec 29, 2017.
             Quit the game on level 3 of the Dungeon on Dec 30, 2017.
             The game lasted 00:08:58 (2022 turns).

MJtheKandyman the Slinger (Halfling Hunter)         Turns: 2022, Time: 00:08:58

Health: 29/29      AC:  3    Str: 13    XL:     4   Next: 72%
Magic:  4/4        EV: 14    Int:  9    God:
Gold:   104        SH:  0    Dex: 15    Spells: 3/3 levels left

rFire    . . .     SeeInvis .   a - +1 hunting sling
rCold    . . .     Gourm    .   (shield restricted)
rNeg     . . .     Faith    .   c - +0 leather armour
rPois    .         Spirit   .   (no helmet)
rElec    .         Reflect  .   (no cloak)
rCorr    .         Harm     .   (no gloves)
MR       .....                  (no boots)
Stlth    ++........             (no amulet)
Regen    0.1/turn               (no ring)
MPRegen  0.1/turn               (no ring)

@: no status effects
A: mutation resistance 1
a: no special abilities


You were on level 3 of the Dungeon.
You were very hungry.

You visited 1 branch of the dungeon, and saw 3 of its levels.

You collected 104 gold pieces.

Inventory:

Hand Weapons
 a - a +1 hunting sling (weapon)
 b - a +0 short sword
 n - a +0 scimitar
 s - a +4 short sword
Missiles
 d - 18 sling bullets
 e - 34 stones (quivered)
Armour
 c - a +0 leather armour (worn)
Jewellery
 p - an uncursed amulet of magic regeneration {unknown}
Wands
 r - a wand of scattershot (7/9)
Scrolls
 g - a scroll of remove curse {unknown}
 h - 2 scrolls of magic mapping {unknown}
 i - 2 scrolls of teleportation {unknown}
 l - 2 scrolls of fog {unknown}
 q - a scroll of recharging {unknown}
Potions
 j - a potion of flight {unknown}
 k - a potion of degeneration {unknown}
 m - a potion of curing {unknown}
 o - a potion of cancellation {unknown}
Comestibles
 f - 5 bread rations


   Skills:
 - Level 1.7 Fighting
 + Level 8.4 Slings
 - Level 2.1 Dodging
 - Level 1.1 Stealth


You had 3 spell levels left.
You didn't know any spells.

Dungeon Overview and Level Annotations

Branches:
Dungeon (3/15)

Altars:


Innate Abilities, Weirdness & Mutations

You are small and have problems with some larger weapons.
You are somewhat resistant to further mutation.


Message History

You must enter the number of times for the command to repeat.
e - 34 stones (gained 1)
d - 18 sling bullets (gained 1) Done exploring.
There is a stone staircase leading down here.
You climb downwards.
A rat, a hobgoblin and a kobold come into view.
The kobold shouts!
The hobgoblin shouts!
Found a robe.
There is a stone staircase leading up here.
You climb upwards.
There is a stone staircase leading down here.
You are feeling very hungry.
There is a stone staircase leading down here.
You climb downwards.
There is a stone staircase leading up here.
Saving game... please wait.
Welcome back, MJtheKandyman the Halfling Hunter.
Press ? for a list of commands and other information.
Are you sure you want to abandon this character and quit the game? (Confirm with "yes".)

### ###
.....# #.#.#
#...## #.@.#
#....#
.........
........####
#####.#.##
.. ## #. #.
#


There were no monsters in sight!

Vanquished Creatures
  3 adders (D:2)
  A worm (D:2)
  2 dart slugs
  4 leopard geckos
  5 bats
  3 giant cockroaches (D:2)
  A goblin (D:2)
  11 hobgoblins
  4 kobolds
  3 quokkas (D:2)
  5 rats
42 creatures vanquished.

Notes
Turn   | Place    | Note
-------+----------+-------------------------------------------
     0 | D:1      | MJtheKandyman the Halfling Hunter began the quest for the Orb.
     0 | D:1      | Reached XP level 1. HP: 14/14 MP: 1/1
    64 | D:1      | Reached skill level 6 in Slings
   119 | D:1      | Reached XP level 2. HP: 18/19 MP: 2/2
   991 | D:2      | Reached skill level 7 in Slings
   991 | D:2      | Reached XP level 3. HP: 24/24 MP: 3/3
  1240 | D:2      | Reached XP level 4. HP: 29/29 MP: 4/4
  1366 | D:2      | Reached skill level 8 in Slings
  2022 | D:3      | Quit the game

Skill      XL: |  1  2  3  4 |
---------------+-------------+-----
Slings         | 6 7 8 |  8.4
Fighting       | |  1.7
Dodging        | |  2.1
Stealth        | |  1.1

Action                   |  1- 3 |  4- 6 || total
-------------------------+-------+-------++-------
 Fire: Hunting sling     |    80 |    39 ||   119
  Eat: Chunk             |     1 |     1 ||     2
Armor: Leather armour    |     2 |       ||     2
Dodge: Dodged            |     5 |     4 ||     9
